 Dungeon Crawl Stone Soup version 0.31-a0-532-g28f74ba3e5 (webtiles) character file.

Game seed: 9585353650585871120

1992 avis the Cleaver (level 9, -2/78 HPs)
             Began as a Hill Orc Monk on Aug 12, 2023.
             Was a Believer of Beogh.
             Slain by a killer bee (6 damage)
             ... on level 7 of the Dungeon.
             The game lasted 00:39:17 (8133 turns).

avis the Cleaver (Hill Orc Monk)                    Turns: 8133, Time: 00:39:17

Health: -2/78      AC:  8    Str: 17 (18) XL:     9   Next: 21%
Magic:  9/9        EV:  8    Int: 10      God:    Beogh [**....]
Gold:   272        SH: 10    Dex: 19      Spells: 8/8 levels left

rFire   . . .        a - +0 war axe
rCold   . . .        f - +0 buckler
rNeg    . . .        s - +0 chain mail
rPois   .            (helmet currently unavailable)
rElec   .            A - melded +0 cloak
rCorr   .            (gloves currently unavailable)
SInv    .            y - melded +1 pair of boots
Will    .....        K - amulet of reflection Stlth
                     q - +4 ring of slaying
HPRegen 0.33/turn    v - +6 ring of dexterity
MPRegen 0.11/turn

%: reflection
@: beast-form
A: beast (slay +1), antennae 1, deterioration 1, robust 1
a: Begin Untransformation, Renounce Religion, Smiting


You were on level 7 of the Dungeon.
You worshipped Beogh.
Beogh was pleased with you.
You were a hulking beast.
You visited 2 branches of the dungeon, and saw 8 of its levels.
You also visited: Sewer.

You collected 437 gold pieces.
You spent 165 gold pieces at shops.

Inventory:

Hand Weapons
 a - a +0 war axe (weapon)
 b - a +2 heavy sling
 w - a +2 flail of protection
Missiles
 l - 11 poisoned darts
 G - 5 boomerangs
 H - 5 javelins
 I - 2 throwing nets
Armour
 f - a +0 buckler (worn)
 o - a +0 helmet
 s - a +0 chain mail (worn)
 y - a +1 pair of boots (melded)
 A - a +0 cloak (melded)
Jewellery
 e - a ring of positive energy
 p - an amulet of faith
 q - a +4 ring of slaying (left hand)
 r - a ring of fire
 v - a +6 ring of dexterity (right hand)
 B - a ring of wizardry
 F - a ring of fire
 K - an amulet of reflection (around neck)
Talismans
 k - a beast talisman (active)
 J - a serpent talisman
Wands
 j - a wand of mindburst (6)
Scrolls
 d - a scroll of identify
 g - a scroll of brand weapon {unknown}
 h - a scroll of blinking {unknown}
 m - 2 scrolls of teleportation {unknown}
 n - a scroll of poison {unknown}
 u - a scroll of fear {unknown}
 z - a scroll of enchant weapon {unknown}
 C - 2 scrolls of enchant armour {unknown}
 E - 3 scrolls of summoning {unknown}
 N - a scroll of immolation {unknown}
Potions
 c - 2 potions of ambrosia
 i - a potion of curing
 t - a potion of brilliance {unknown}
 x - a potion of attraction {unknown}
 D - 2 potions of heal wounds {unknown}
 O - a potion of magic {unknown}


   Skills:
 - Level 4.0 Fighting
 + Level 14.2 Axes
 - Level 2.0 Armour
 - Level 2.4 Dodging
 - Level 1.0 Shields
 - Level 2.9 Shapeshifting


You had 8 spell levels left.
You didn't know any spells.
Your spell library contained the following spells:

 Spells                   Type           Power      Damage    Failure   Level
 Summon Small Mammal      Summ           0%         N/A       99%         1
 Sublimation of Blood     Necr           0%         N/A       100%        2
 Call Canine Familiar     Summ           0%         N/A       100%        3
 Dazzling Flash           Conj/Hex       0%         N/A       100%        3
 Ozocubu's Armour         Ice            0%         N/A       100%        3
 Summon Guardian Golem    Hex/Summ       0%         N/A       100%        3
 Volatile Blastmotes      Fire/Tloc      0%         2d10      100%        3
 Petrify                  Tmut/Erth      0%         N/A       100%        4
 Irradiate                Conj/Tmut      0%         3d11      100%        5
 Metabolic Englaciation   Hex/Ice        0%         N/A       100%        5
 Simulacrum               Ice/Necr       0%         N/A       100%        6
 Starburst                Conj/Fire      0%         6d3       100%        6
 Maxwell's Capacitive Co  Air            0%         ∞         100%        8


Dungeon Overview and Level Annotations

Branches:
Dungeon (7/15)             Temple (1/1) D:6           Sewer (visited)

Altars:
Ashenzari
Cheibriados
Dithmenos
Elyvilon
Fedhas
Gozag
Hepliaklqana
Kikubaaqudgha
Makhleb
Nemelex Xobeh
Okawaru
Qazlal
Ru
Sif Muna
Trog
Uskayaw
Vehumet
Xom
Yredelemnul
Zin
The Shining One

Shops:
D:2 [   D:6 *

Annotations:
D:3 1 runed translucent door


Innate Abilities, Weirdness & Mutations

You are a hulking beast.
Your limbs bulge with bestial killing power. (Slay +1)
You have a pair of small antennae on your head.
Your body sometimes deteriorates upon taking damage.
You are robust. (+10% HP)


Message History

You feel very sick.
The killer bee stings you but does no damage.
The killer bee barely misses you.
You hit the killer bee.
The killer bee is severely wounded.
You feel sick. The killer bee barely misses you. The killer bee stings you!
* * * LOW HITPOINT WARNING * * *
You are more poisoned.
The killer bee poisons you!
You feel better.
The killer bee stings you but does no damage.
You block the killer bee's attack.
You closely miss the killer bee.
The killer bee is severely wounded.
You block the killer bee's attack.
You slash the killer bee!
You kill the killer bee!
Beogh accepts your kill. You block the killer bee's attack.
Your Axes skill increases to level 14!
You slash the killer bee!
You kill the killer bee!
Beogh accepts your kill. The killer bee barely misses you.
You slash the killer bee!
The killer bee is severely wounded.
You block the killer bee's attack.
You slash the killer bee!
You kill the killer bee!
Beogh accepts your kill. The killer bee stings you.
* * * LOW HITPOINT WARNING * * *
You hit the killer bee.
The killer bee is almost dead.
The killer bee stings you.
* * * LOW HITPOINT WARNING * * *
You feel better. The killer bee stings you.
* * * LOW HITPOINT WARNING * * *
The killer bee stings you.
You die...

...........# #.#
#............
.#.....###### #.#
#....########
.##.......... ..#
#....# # ......####
### #.#### # .####.#
#######.# # .# ##.##
#.......# # .#
#...########.......#
# .# #.#...........#
# .# #...#########h#
# .# ##### #y#
######### .# #.#
#........ .# #.#
#.####### .### #.#
#.# ...# #.# #.#
...# #.# #.# ...#
#.# #.# ...# #.# #


You could see a killer bee.

Vanquished Creatures
  3 water moccasins
  3 ice beasts
  Pargi (Sewer)
  A sky beast (D:6)
  A centaur (D:7)
  An ogre (D:5)
  A kobold brigand (D:7)
  A bullfrog (D:7)
  2 scorpions (D:4)
  5 killer bees (D:7)
  3 jellies
  A hound (D:6)
  A gnoll bouda (D:5)
  A human skeleton (D:3)
  An iguana (D:6)
  Ijyb (D:5)
  An orc wizard (D:7)
  A sleepcap (D:5)
  15 adders
  7 gnolls
  A white imp (D:7)
  An ufetubus (D:5)
  A worm (D:5)
  A dart slug (D:3)
  6 orcs
  7 bats
  9 endoplasms
  10 giant cockroaches
  3 goblins (D:3)
  5 hobgoblins
  6 jackals
  14 kobolds
  5 ball pythons
  6 frilled lizards
  A goblin zombie (D:3)
  4 rats
131 creatures vanquished.

Vanquished Creatures (others)
  2 adders (D:3)
  An endoplasm (D:3)
  2 frilled lizards (D:3)
  A kobold (D:3)
  2 rats (D:3)
8 creatures vanquished.

Grand Total: 139 creatures vanquished

Notes
Turn   | Place    | Note
-------+----------+-------------------------------------------
     0 | D:1      | avis the Hill Orc Monk began the quest for the Orb.
     0 | D:1      | Reached XP level 1. HP: 19/19 MP: 1/1
    70 | D:1      | Found a faded altar of an unknown god.
   130 | D:1      | Reached XP level 2. HP: 26/26 MP: 2/2
   375 | D:1      | Reached skill level 5 in Axes
   790 | D:2      | Reached XP level 3. HP: 26/33 MP: 3/3
  1233 | D:2      | Found Tigum's Antique Armour Emporium.
  1282 | D:2      | Reached skill level 6 in Axes
  1282 | D:2      | Reached XP level 4. HP: 16/40 MP: 4/4
  1988 | D:3      | Found a blossoming altar of Fedhas.
  2183 | D:3      | Found a runed translucent door.
  2185 | D:3      | Noticed a human
  2186 | D:3      | Found a shimmering altar of Xom.
  2188 | D:3      | Found a basalt altar of Yredelemnul.
  2211 | D:3      | Reached skill level 1 in Shapeshifting
  2211 | D:3      | Reached XP level 5. HP: 46/46 MP: 5/5
  2863 | D:2      | Bought a pair of glowing boots for 165 gold pieces
  2894 | D:4      | Found a radiant altar of Vehumet.
  2935 | D:4      | Reached skill level 7 in Axes
  3081 | D:4      | Reached XP level 6. HP: 16/52 MP: 6/6
  3274 | D:4      | Reached skill level 8 in Axes
  3645 | D:5      | Entered Level 5 of the Dungeon
  3645 | D:5      | Found a glowing silver altar of Zin.
  3879 | D:5      | You fall into a shaft and drop 2 floors!
  3890 | D:7      | Noticed a water moccasin
  3902 | D:7      | Killed a water moccasin
  3903 | D:7      | Reached skill level 9 in Axes
  3903 | D:7      | Reached skill level 1 in Armour
  3903 | D:7      | Reached XP level 7. HP: 22/59 MP: 7/7
  4165 | D:7      | Reached skill level 10 in Axes
  4209 | D:6      | Found a staircase to the Ecumenical Temple.
  4231 | Temple   | Entered the Ecumenical Temple
  4297 | D:5      | Found a glowing drain.
  4307 | D:5      | Reached skill level 11 in Axes
  4319 | Sewer    | Entered a sewer
  4356 | Sewer    | Gained mutation: Your body sometimes deteriorates upon
                  | taking damage. [potion of mutation]
  4356 | Sewer    | Gained mutation: You have a pair of small antennae on your
                  | head. [potion of mutation]
  4356 | Sewer    | Gained mutation: You are robust. (+10% HP) [potion of
                  | mutation]
  5221 | Sewer    | Noticed Pargi
  5226 | Sewer    | Killed Pargi
  5227 | Sewer    | Reached XP level 8. HP: 72/72 MP: 8/8
  5461 | D:5      | Found a sacrificial altar of Ru.
  5581 | D:5      | Noticed Ijyb
  5599 | D:5      | Killed Ijyb
  6014 | D:5      | Reached skill level 1 in Shields
  6059 | D:5      | Reached skill level 12 in Axes
  6341 | D:6      | Found an iron altar of Okawaru.
  6992 | D:6      | Found Risoedy's Fire Supplies.
  7734 | D:7      | Reached skill level 13 in Axes
  7785 | D:7      | Reached XP level 9. HP: 56/78 MP: 9/9
  7799 | D:7      | Became a worshipper of Beogh the Brigand
  7799 | D:7      | Reached * piety under Beogh
  7799 | D:7      | Reached ** piety under Beogh
  8129 | D:7      | Reached skill level 14 in Axes
  8132 | D:7      | HP: 3/78 [killer bee (6)]
  8133 | D:7      | Slain by a killer bee

Illustrated notes

Levels and vault maps discovered:
D:1:      minmay_arrival_arboretum_small, layout_rooms,
          hellmonk_ecumenical_altar_run_dry, serial_forest,
          infiniplex_forest_clump_double, infiniplex_forest_join,
          infiniplex_forest_straight_3, infiniplex_forest_clump_curved,
          infiniplex_forest_straight_3, infiniplex_forest_zigzag_1,
          infiniplex_forest_clump_diagonal, infiniplex_forest_corner_2,
          infiniplex_forest_clump_cross
D:2:      layout_basic, serial_shops, nicolae_shop_competitors_out_of_business,
          serial_aquarium, aquarium_bridge_straight [aquarium_subvault_bridge,
          aquarium_subvault_wall, aquarium_subvault_bridge,
          aquarium_subvault_window], aquarium_window_2,
          aquarium_window_corridor_1, aquarium_view_2c, aquarium_pool_1
D:3:      layout_basic, fedhas_altar_2, xom_confusion_cloud,
          dk_yredelemnul_ordeal
D:4:      layout_loops_cross, vehumet_crystals
D:5:      layout_loops_cross, overflow_temple_1_default, amcnicky_altar_gilded,
          gup_sewer_entry_glass, uniq_ijyb
D:6:      layout_loops_corners, lemuel_tele_altar,
          minmay_temple_entry_stoned_glass, nicolae_shop_fire_sale
          [nicolae_sub_dead_trees]
D:7:      layout_loops_ring, kennysheep_generic_room_13, uniq_menkaure
Temple:   jpeg_temple_clearing

Skill      XL: |  1  2  3  4  5  6  7  8  9 |
---------------+----------------------------+-----
Axes           | 5 6 7 9 11 13 14 | 14.2
Fighting       | 4 |  4.0
Shapeshifting  | 1 2 |  2.9
Armour         | 1 2 |  2.0
Shields        | 1 |  1.0
Dodging        | |  2.4

Action                     |  1- 3 |  4- 6 |  7- 9 || total
---------------------------+-------+-------+-------++-------
  Melee: Hand axe          |    93 |   122 |   110 ||   325
         War axe           |       |       |    36 ||    36
   Fire: Sling             |       |       |    40 ||    40
 Invoke: Convert to Beogh  |       |       |     1 ||     1
Ability: Begin Untransform |       |     2 |     1 ||     3
  Evoke: Wand              |       |       |     7 ||     7
    Use: Scroll            |       |     3 |     1 ||     4
         Potion            |       |       |     7 ||     7
 Armour: Robe              |    14 |     1 |       ||    15
         Chain mail        |       |    47 |    54 ||   101
  Dodge: Dodged            |    65 |    35 |    58 ||   158
  Block: Buckler           |       |     7 |    49 ||    56
         Reflection        |       |       |     3 ||     3
   Form: Beast             |     2 |     1 |     2 ||     5
                           |     1 |       |       ||     1

Table legend: (Time is in decaauts)
 A = Elapsed time spent in this place.
 B = Non-inter-level travel time spent in this place.
 C = Inter-level travel time spent in this place.
 D = Time resting spent in this place.
 E = Time spent auto-exploring this place.
 F = Levels seen in this place.
 G = Mean time per level.
                   A        B        C        D        E       F      G
               +--------+--------+--------+--------+--------+-----+--------+
         Total |   8177 |   7367 |    810 |   2241 |   3416 |   9 |  908.6 |
       Dungeon |   7212 |   6404 |    808 |   1418 |   3416 |   7 | 1030.3 |
        Temple |     19 |     18 |      1 |      0 |      0 |   1 |   19.0 |
         Sewer |    945 |    945 |      0 |    823 |      0 |   1 |  945.0 |
               +--------+--------+--------+--------+--------+-----+--------+

Top non-repeatable levels by time:
     D:3: 1244 daAuts
     D:2: 1209 daAuts
     D:6: 1195 daAuts
     D:5: 1183 daAuts
   Sewer: 945 daAuts
     D:1: 881 daAuts
     D:7: 769 daAuts
     D:4: 729 daAuts
  Temple: 19 daAuts
